 Dungeon Crawl Stone Soup version 0.27.0-1-g7a089689b8 (webtiles) character file.

Game seed: 13548898173851381709

6 riscky the Skirmisher (level 1, -5/19 HPs)
             Began as a Draconian Berserker on Aug 18, 2021.
             Was a Follower of Trog.
             Slain by a worm (6 damage)
             ... on level 2 of the Dungeon.
             The game lasted 00:03:14 (476 turns).

riscky the Skirmisher (Draconian Berserker)          Turns: 476, Time: 00:03:14

Health: -5/19      AC:  4    Str: 19    XL:     1   Next: 75%
Magic:  1/1        EV: 12    Int:  7    God:    Trog [*.....]
Gold:   11         SH:  0    Dex: 10    Spells: 0/0 levels left

rFire    . . .     SeeInvis .   a - +0 hand axe
rCold    . . .     Faith    .   (no shield)
rNeg     . . .     Spirit   .   (armour unavailable)
rPois    .         Reflect  .   (helmet restricted)
rElec    .         Harm     .   (no cloak)
rCorr    .         Rampage  .   (no gloves)
Will     .....                  (no boots)
Stlth    +.........             (no amulet)
HPRegen  0.06/turn              (no ring)
MPRegen  0.07/turn              (no ring)

@: no status effects
A: AC +4, unfitting armour, cold-blooded
a: Renounce Religion, Berserk


You were on level 2 of the Dungeon.
You worshipped Trog.
Trog was aware of your devotion.
You visited 1 branch of the dungeon, and saw 2 of its levels.

You collected 11 gold pieces.

Inventory:

Hand Weapons
 a - a +0 hand axe (weapon)
 d - a +0 antimagic dagger
Missiles
 e - 3 stones (quivered)
 f - 25 bolts
 h - 27 sling bullets
Scrolls
 b - 2 scrolls of noise {unknown}
Potions
 c - 2 potions of mutation {unknown}
 g - a potion of heal wounds {unknown}


   Skills:
 + Level 3.4 Fighting
 + Level 3.1 Axes
 + Level 2.8 Dodging


You couldn't memorise any spells.
You didn't know any spells.
Your spell library contained the following spells:

 Spells                   Type           Power      Damage    Failure   Level
 Pain                     Necr           0%         1d4       43%         1
 Agony                    Necr           0%         N/A       100%        5
 Excruciating Wounds      Necr           0%         N/A       100%        5


Dungeon Overview and Level Annotations

Branches:
Dungeon (2/15)

Altars:


Innate Abilities, Weirdness & Mutations

Your plain brown scales are hard. (AC +4)
You cannot fit into any form of body armour.
You are cold-blooded and may be slowed by cold attacks.


Message History

A rat comes into view.
Found a stone staircase leading down.
A worm comes into view.
The rat bites you but does no damage.
An adder comes into view.
The rat barely misses you.
You barely miss the rat. The rat closely misses you.
You hit the rat.
You kill the rat!
Trog accepts your kill. The worm bites you.
You hit the worm but do no damage. The worm bites you.
You hit the worm.
The worm is lightly wounded.
You barely miss the worm.
The worm is lightly wounded.
The worm bites you but does no damage.
You barely miss the worm.
The worm is lightly wounded.
The worm bites you.
* * * LOW HITPOINT WARNING * * *
You hit the worm but do no damage.
The worm is lightly wounded.
You hit the worm but do no damage. You tail-slap the worm.
The worm is moderately wounded.
The worm barely misses you.
You hit the worm.
The worm is moderately wounded.
The worm barely misses you.
You hit the worm.
You tail-slap the worm, but do no damage.
The worm is moderately wounded.
You hit the worm. You tail-slap the worm.
The worm is severely wounded.
The worm bites you.
* * * LOW HITPOINT WARNING * * *
You hit the worm.
The worm is severely wounded.
The worm bites you.
You die...

#.# ##'## #.# ##...## ##
#.# ##.....##
##.##.###.......##
##...#.##.........#
#.......+.........+
##...#.##.........#
##>#.w.##.......##
###.@.###.....## #...#
##...## #.
#.........##'## #.
#.#.......##.# #.
#.........##.# #.
S.........##.## #.
#........##.#...## #.
#........##......######.
#........##.#..........<


You could see a worm.

Vanquished Creatures
  A giant cockroach (D:1)
  A hobgoblin (D:1)
  A ball python (D:1)
  2 frilled lizards (D:1)
  A kobold (D:1)
  A rat (D:2)
7 creatures vanquished.

Notes
Turn   | Place    | Note
-------+----------+-------------------------------------------
     0 | D:1      | riscky the Draconian Berserker began the quest for the Orb.
     0 | D:1      | Reached XP level 1. HP: 19/19 MP: 1/1
   476 | D:2      | Slain by a worm

Illustrated notes

Levels and vault maps discovered:
D:1:      minmay_arrival_four_circles, layout_basic, serial_shops,
          nicolae_diamond_shop
D:2:      layout_loops_corners, basic_altar, shapermc_ecumenical_altar_pompeii,
          nrook_uturn

Action                   || total
-------------------------++-------
Melee: Hand axe          ||    27
       Tailslap          ||     6
Armor: Skin              ||     5
Dodge: Dodged            ||    16
